 Dungeon Crawl Stone Soup version 0.20.1-1-g8b1a95d (webtiles) character file.

1101 Zedayar the Grappler (level 8, -9/112 HPs)
             Began as a Troll Berserker on Sept 6, 2017.
             Was an Elder of Trog.
             Mangled by a hornet (16 damage)
             ... on level 6 of the Dungeon.
             The game lasted 00:14:16 (4142 turns).

Zedayar the Grappler (Troll Berserker)              Turns: 4142, Time: 00:14:16

Health: -9/112     AC:  6    Str: 37    XL:     8   Next: 10%
Magic:  7/7        EV: 12    Int:  3    God:    Trog [****..]
Gold:   261        SH:  0    Dex: 10    Spells: 7/7 levels left

rFire    . . .     SeeInvis .     - Unarmed
rCold    . . .     Gourm    +   (no shield)
rNeg     + . .     Faith    .   a - +1 animal skin
rPois    .         Spirit   .   (helmet restricted)
rElec    .         Reflect  .   (no cloak)
rCorr    .         Harm     .   (gloves unavailable)
MR       .....                  (boots unavailable)
Stlth    ..........             v - amulet of regeneration
Regen    1.1/turn               n - +5 ring of strength
MPRegen  0.1/turn               e - ring of positive energy

@: berserking, lethally poisoned (-9 -> -11), slowed
A: unfitting armour, claws 3, repulsion field 1, fast metabolism 3, gourmand,
sense surroundings 1, regeneration 1, shaggy fur 1, tough skin 2, no potion heal
1
a: Berserk, Trog's Hand, Brothers in Arms, Burn Spellbooks, Renounce Religion


You were on level 6 of the Dungeon.
You worshipped Trog.
Trog was greatly pleased with you.
You were full.

You visited 1 branch of the dungeon, and saw 6 of its levels.

You collected 291 gold pieces.
You spent 30 gold pieces at shops.

Inventory:

Armour
 a - a +1 animal skin (worn)
Jewellery
 e - a ring of positive energy (right claw)
 k - an uncursed ring of stealth
 n - a +5 ring of strength (left claw)
 v - an amulet of regeneration (around neck)
Wands
 o - a wand of paralysis (10/24)
 r - a wand of disintegration (12/24)
Scrolls
 d - 4 scrolls of remove curse
 g - 2 scrolls of enchant weapon
 h - 2 scrolls of noise
 j - 2 scrolls of identify
 s - 2 scrolls of blinking
 t - a scroll of immolation
 w - a scroll of teleportation
 y - a scroll of holy word
Potions
 f - 2 potions of mutation
 l - 3 potions of heal wounds
 m - 2 potions of flight
 p - 2 potions of curing
 q - a potion of brilliance
 A - 2 potions of agility
Books
 u - a book of Misfortune

   Spells                             Type                      Level
   a - Confusing Touch                Hexes                        1
   b - Confuse                        Hexes                        3
   c - Gell's Gravitas                Translocation                3
   d - Petrify                        Transmutation/Earth          4
   e - Metabolic Englaciation         Hexes/Ice                    5
   f - Yara's Violent Unravelling     Hexes/Transmutation          5
   Trog disapproves of the use of such an item.
Comestibles
 b - 4 bread rations
 c - 3 meat rations
 i - 3 royal jellies


   Skills:
 + Level 3.4 Fighting
 - Level 2.9 Dodging
 - Level 0.2 Stealth
 + Level 9.3 Unarmed Combat


You had 7 spell levels left.
You didn't know any spells.

Dungeon Overview and Level Annotations

Branches:
Dungeon (6/15)             Temple (0/1) D:4

Altars:
Cheibriados
Okawaru
Qazlal
Vehumet
Yredelemnul

Shops:
D:4 [   D:5 ?


Innate Abilities, Weirdness & Mutations

You are too large for most types of armour.
You have claws for hands.
Your metabolism is lightning-fast.
You like to eat raw meat.
Your natural rate of healing is unusually fast.
You are covered in fur. (AC +1)
You have very tough skin. (AC +2)
You are surrounded by a mild repulsion field. (EV +2)
You passively map a small area around you.
Potions are less effective at restoring your health.


Message History

The orc hits you. The hornet stings you.
* * * LOW HITPOINT WARNING * * *
You feel as though you will be slow longer.
You can move again.
A red film seems to cover your vision as you go berserk!
You feel yourself moving faster!
You feel mighty!
You feel sick. The hornet stings you!
* * * LOW HITPOINT WARNING * * *
You feel as though you will be slow longer.
The orc barely misses you. The hornet barely misses you.
The orc closely misses you.
You barely miss the hornet.
The hornet is moderately wounded.
You feel sick. The hornet stings you!
* * * LOW HITPOINT WARNING * * *
You feel as though you will be slow longer.
You miss the hornet.
The hornet is moderately wounded.
You feel sick. The hornet stings you!
You die...

#####################
#..............[..).#
#.#################.#
, ,, ,* #.# ,,, ** *,
#.# *
,*########.###### *
*#@............#
#yo##.##.#....#
#W#.....(.......# *
,*#..##.#...........
* ,
#..##.#.#.......## ,,
, #..##.#...........
* *
#..##.###......### *
, **#.†##.# .......#
*
#...........###.....,


You could see a phantom, a hornet and an orc.

Vanquished Creatures
  Edmund (D:5)
  An ogre (D:4)
  2 centaurs
  A wyvern skeleton (D:6)
  2 howler monkeys
  6 crimson imps
  2 orc priests
  An orc wizard (D:5)
  3 iguanas
  A worker ant (D:4)
  9 adders
  A shadow imp (D:6)
  An ooze (D:4)
  6 worms
  2 dart slugs
  7 leopard geckos
  12 orcs
  4 giant cockroaches
  2 gnoll zombies (D:3)
  6 goblins
  10 hobgoblins
  10 kobolds
  3 quokkas
  6 bats
  4 frilled lizards
  6 rats
109 creatures vanquished.

Notes
Turn   | Place    | Note
-------+----------+-------------------------------------------
     0 | D:1      | Zedayar the Troll Berserker began the quest for the Orb.
     0 | D:1      | Reached XP level 1. HP: 22/22 MP: 0/0
   215 | D:1      | Reached XP level 2. HP: 29/29 MP: 1/1
   600 | D:2      | Gained mutation: Potions are less effective at restoring your health. [potion of mutation]
   600 | D:2      | Gained mutation: You passively map a small area around you. [potion of mutation]
   600 | D:2      | Gained mutation: You are surrounded by a mild repulsion field. (EV +2) [potion of mutation]
   736 | D:2      | Reached XP level 3. HP: 36/36 MP: 2/2
   943 | D:2      | Found a snail-covered altar of Cheibriados.
   960 | D:2      | Reached ** piety under Trog
  1069 | D:2      | Reached skill level 4 in Unarmed Combat
  1214 | D:2      | Reached XP level 4. HP: 14/44 MP: 3/3
  1317 | D:3      | Found a stormy altar of Qazlal.
  1653 | D:3      | Reached XP level 5. HP: 40/52 MP: 4/4
  1697 | D:3      | Reached skill level 5 in Unarmed Combat
  1854 | D:3      | Found an iron altar of Okawaru.
  2143 | D:3      | Found a basalt altar of Yredelemnul.
  2192 | D:4      | Found a staircase to the Ecumenical Temple.
  2535 | D:4      | Reached skill level 6 in Unarmed Combat
  2535 | D:4      | Reached XP level 6. HP: 38/61 MP: 5/5
  2567 | D:4      | Found Goc Ut Timm's Armour Boutique.
  2577 | D:4      | Reached *** piety under Trog
  2920 | D:5      | Entered Level 5 of the Dungeon
  2945 | D:5      | Reached skill level 7 in Unarmed Combat
  2999 | D:5      | Found Zudokkump's Magic Scroll Shop.
  3011 | D:5      | Reached XP level 7. HP: 67/67 MP: 6/6
  3208 | D:5      | Reached skill level 8 in Unarmed Combat
  3324 | D:5      | Found a radiant altar of Vehumet.
  3455 | D:5      | Bought a scroll of identify for 30 gold pieces
  3472 | D:5      | Noticed Edmund
  3477 | D:5      | Killed Edmund
  3909 | D:6      | Reached skill level 9 in Unarmed Combat
  3909 | D:6      | Reached XP level 8. HP: 35/75 MP: 7/7
  4104 | D:6      | Reached **** piety under Trog
  4127 | D:6      | Noticed a hornet
  4137 | D:6      | Paralysed by a hornet for 3 turns
  4142 | D:6      | Mangled by a hornet

Skill      XL: |  1  2  3  4  5  6  7 |
---------------+----------------------+-----
Unarmed Combat | 4 6 7 9 |  9.3
Fighting       | 3 |  3.4
Dodging        | |  2.9
Stealth        | |  0.2

Action                   |  1- 3 |  4- 6 |  7- 9 || total
-------------------------+-------+-------+-------++-------
Melee: Unarmed           |   107 |   108 |    67 ||   282
       Punch             |       |       |     3 ||     3
Invok: Burn Spellbooks   |       |       |     1 ||     1
       Berserk           |       |       |     1 ||     1
  Use: Potion            |     4 |     1 |     3 ||     8
       Scroll            |       |     6 |     6 ||    12
  Eat: Chunk             |    11 |    17 |     8 ||    36
       Meat ration       |       |     1 |       ||     1
Armor: Animal skin       |    47 |    23 |    24 ||    94
Dodge: Dodged            |    77 |    35 |    43 ||   155
